 Dungeon Crawl Stone Soup version 0.26-a0-259-g1effd001a9 (webtiles) character file.

Game seed: 2177215223652576431

2098 raph the Cleaver (level 9, -20/71 HPs)
             Began as a Minotaur Berserker on July 20, 2020.
             Was an Elder of Trog.
             Demolished by a two-headed ogre
             ... wielding a +0 giant club
              (25 damage)
             ... on level 6 of the Dungeon.
             The game lasted 00:09:25 (5340 turns).

raph the Cleaver (Minotaur Berserker)               Turns: 5340, Time: 00:09:26

Health: -20/71     AC: 12    Str: 22    XL:     9   Next: 7%
Magic:  8/8        EV:  8    Int:  4    God:    Trog [****..]
Gold:   152        SH:  0    Dex: 13    Spells: 8/8 levels left

rFire    . . .     SeeInvis +   a - +2 hand axe (elec)
rCold    . . .     Faith    .   (no shield)
rNeg     . . .     Spirit   .   d - +0 chain mail
rPois    .         Reflect  .   (helmet restricted)
rElec    .         Harm     .   o - +1 cloak
rCorr    .                      t - +0 pair of gloves
MR       .....                  (no boots)
Stlth    ..........             (no amulet)
HPRegen  0.21/turn              i - ring of see invisible
MPRegen  0.11/turn              (no ring)

@: berserk cooldown, slowed, very slow
A: retaliatory headbutt, horns 2
a: Berserk, Trog's Hand, Brothers in Arms, Renounce Religion


You were on level 6 of the Dungeon.
You worshipped Trog.
Trog was greatly pleased with you.
You were not hungry.

You visited 2 branches of the dungeon, and saw 7 of its levels.

You collected 152 gold pieces.

Inventory:

Hand Weapons
 a - a +2 hand axe of electrocution (weapon)
 b - a +1 vorpal shortbow
 q - a +0 hand axe
 u - a +0 war axe of draining
Missiles
 k - 6 javelins (quivered)
 r - 7 boomerangs
 v - 34 arrows
Armour
 d - a +0 chain mail (worn)
 o - a +1 cloak (worn)
 t - a +0 pair of gloves (worn)
Jewellery
 i - a ring of see invisible (left hand)
Scrolls
 e - 2 scrolls of teleportation
 g - 4 scrolls of identify
 h - 4 scrolls of remove curse
 p - a scroll of magic mapping
 s - 2 scrolls of amnesia
Potions
 f - a potion of mutation
 j - a potion of stabbing
 l - a potion of degeneration
 m - a potion of cancellation
 n - 2 potions of flight
Comestibles
 c - 30 rations


   Skills:
 + Level 3.6 Fighting
 - Level 14.0 Axes
 + Level 2.5 Armour
 + Level 2.2 Dodging
 + Level 0.0 Stealth


You had 8 spell levels left.
You didn't know any spells.
Your spell library was empty.

Dungeon Overview and Level Annotations

Branches:
Dungeon (6/15)             Temple (1/1) D:4

Altars:
Elyvilon
Fedhas
Nemelex Xobeh
Vehumet

Annotations:
D:4 3 runed translucent doors, HoaS's ghost, amateur GrGl


Innate Abilities, Weirdness & Mutations

You reflexively headbutt those who attack you in melee.
You have a pair of horns on your head.


Message History

Lightning courses through the leopard gecko!!
You kill the leopard gecko!
Trog accepts your kill. The two-headed ogre barely misses you.
The two-headed ogre closely misses you.
You closely miss the two-headed ogre.
The two-headed ogre is almost dead.
The two-headed ogre hits you with a +0 giant club!!
* * * LOW HITPOINT WARNING * * *
The two-headed ogre hits you but does no damage.
The orc wizard casts a spell at you.
The magic dart hits you but does no damage.
Okay, then.
You hit the two-headed ogre.
Your headbutt misses the two-headed ogre.
The two-headed ogre is almost dead.
The two-headed ogre hits you but does no damage. x2
The orc wizard points at you and mumbles some strange words.
You easily resist.
The two-headed ogre hits you with a +0 giant club!!
You die...

#.........#.# #
#........#.#.#
##...........
#.........#
##........#
#......<..##.
##....)......... ≈
#...)........... ≈..
##..@......#.....
≈≈...#.o.O.....!#....#
≈≈....††.......#......
≈≈.[.........###......
≈≈#...................
≈ #.........##.. ..
##.......## .%.
...###..# .. .#.. ..#


You could see a two-headed ogre and an orc wizard.

Vanquished Creatures
  Pikel (D:4)
  Menkaure (D:4)
  A sky beast (D:5)
  2 ice beasts (D:5)
  2 ogres
  An orc warrior (D:6)
  2 centaurs
  3 lemures (D:4)
  A scorpion (D:6)
  3 howler monkeys
  2 hounds
  Crazy Yiuf (D:3)
  An orc priest (D:4)
  2 orc wizards
  A centaur skeleton (D:4)
  Ijyb (D:3)
  3 worker ants
  A hound skeleton (D:4)
  Robin (D:2)
  A gnoll (D:1)
  10 adders
  A white imp (D:5)
  An adder skeleton (D:4)
  6 worms
  3 dart slugs
  6 leopard geckos
  16 orcs
  3 giant cockroaches
  18 goblins
  11 hobgoblins
  2 jackals (D:5)
  7 quokkas
  2 ball pythons
  9 bats
  5 frilled lizards
  7 kobolds
  2 leopard gecko skeletons
  A quokka skeleton (D:6)
  9 rats
  2 plants (D:4)
152 creatures vanquished.

Vanquished Creatures (others)
  An ogre (D:3)
  An orc (D:3)
  A giant cockroach (D:3)
  A ball python (D:3)
4 creatures vanquished.

Grand Total: 156 creatures vanquished

Notes
Turn   | Place    | Note
-------+----------+-------------------------------------------
     0 | D:1      | raph the Minotaur Berserker began the quest for the Orb.
     0 | D:1      | Reached XP level 1. HP: 19/19 MP: 0/0
   166 | D:1      | Reached skill level 4 in Axes
   338 | D:1      | Reached XP level 2. HP: 26/26 MP: 1/1
   539 | D:1      | Reached skill level 5 in Axes
   549 | D:1      | Reached XP level 3. HP: 18/31 MP: 2/2
   801 | D:1      | Reached ** piety under Trog
  1208 | D:2      | Found a radiant altar of Vehumet.
  1225 | D:2      | Reached skill level 6 in Axes
  1225 | D:2      | Reached XP level 4. HP: 39/39 MP: 3/3
  1346 | D:2      | Found a white marble altar of Elyvilon.
  1371 | D:2      | Noticed Robin
  1379 | D:2      | Killed Robin
  1405 | D:2      | Reached XP level 5. HP: 29/45 MP: 4/4
  1635 | D:2      | Reached *** piety under Trog
  1635 | D:2      | Reached skill level 7 in Axes
  1944 | D:3      | Found a sparkling altar of Nemelex Xobeh.
  2006 | D:3      | Noticed Ijyb
  2015 | D:3      | Paralysed by Ijyb for 5 turns
  2024 | D:3      | Killed Ijyb
  2119 | D:3      | Found a blossoming altar of Fedhas.
  2129 | D:3      | Noticed an ogre
  2135 | D:3      | Banished an ogre
  2135 | D:3      | Reached skill level 8 in Axes
  2135 | D:3      | Reached XP level 6. HP: 47/51 MP: 5/5
  2435 | D:3      | Found a runed translucent door.
  2436 | D:3      | Noticed Crazy Yiuf
  2441 | D:3      | Killed Crazy Yiuf
  2759 | D:4      | Noticed Pikel
  2771 | D:4      | Killed Pikel
  2771 | D:4      | Reached skill level 10 in Axes
  2771 | D:4      | Reached XP level 7. HP: 57/57 MP: 6/6
  2878 | D:4      | Found a staircase to the Ecumenical Temple.
  2983 | Temple   | Entered the Ecumenical Temple
  3059 | D:4      | Noticed Menkaure
  3063 | D:4      | Killed Menkaure
  3063 | D:4      | Reached skill level 11 in Axes
  3072 | D:4      | Reached XP level 8. HP: 64/64 MP: 7/7
  3326 | D:4      | Found a runed translucent gate.
  3326 | D:4      | Found a runed translucent gate.
  3539 | D:4      | Reached skill level 12 in Axes
  3665 | D:4      | Found a runed translucent gate.
  3665 | D:4      | Noticed HoaS's ghost (amateur GrGl)
  3735 | D:5      | Entered Level 5 of the Dungeon
  3994 | D:5      | Reached **** piety under Trog
  4557 | D:5      | Reached skill level 13 in Axes
  5318 | D:6      | Reached XP level 9. HP: 70/70 MP: 8/8
  5325 | D:6      | Reached skill level 14 in Axes
  5330 | D:6      | Noticed a two-headed ogre
  5340 | D:6      | Demolished by a two-headed ogre

Illustrated notes

Levels and vault maps discovered:
D:1:      nzn_arrival_depleted_hourglass, layout_loops_ring
D:2:      layout_rooms, elyvilon_altar_3, vehumet_crystals, serial_forest,
          infiniplex_forest_lined_ring, infiniplex_forest_clump_small,
          infiniplex_forest_lined_3, infiniplex_forest_straight_2,
          infiniplex_forest_clump_double, infiniplex_forest_pool, uniq_robin
D:3:      layout_loops_ring, old_standard_altar, nemelex_spade_bored_becter,
          uniq_crazy_yiuf_cottage, uniq_ijyb
D:4:      layout_loops_cross, minmay_temple_entry_poolview,
          gammafunk_ghost_necromancy, first_ration, serial_bayou_lagoon_a,
          uniq_menkaure, uniq_pikel
D:5:      layout_basic, cheibrodos_sewer_entry_bend, item_on_display_a
D:6:      layout_cave_pools, makhleb_grotto_becter, kiku_gazebo_garden_becter,
          kennysheep_mini_moat, centaur_isle
Temple:   nicolae_temple_figure_eight

Skill      XL: |  1  2  3  4  5  6  7  8  9 |
---------------+----------------------------+-----
Axes           | 4 5 6 8 10 11 13 14 | 14.0
Fighting       | |  3.6
Armour         | |  2.5
Dodging        | |  2.2

Action                   |  1- 3 |  4- 6 |  7- 9 || total
-------------------------+-------+-------+-------++-------
Melee: Hand axe          |    98 |   109 |   120 ||   327
       Headbutt          |    17 |    16 |    19 ||    52
Invok: Berserk           |     2 |     5 |     5 ||    12
  Use: Scroll            |       |     7 |     7 ||    14
  Eat: Ration            |     1 |     1 |     2 ||     4
Armor: Chain mail        |    71 |    50 |    43 ||   164
Dodge: Dodged            |    43 |    34 |    22 ||    99

Table legend:
 A = Non-vault XP
 B = Vault XP
 C = Vault XP percentage of total XP
 D = Non-vault monster count
 E = Vault monster count
 F = Vault count percentage of total count
                 A         B        C        D         E       F
            +---------+---------+-------+---------+---------+-------
      Total |    2054 |     944 |  31.5 |     134 |      17 |  11.3
            +---------+---------+-------+---------+---------+-------
        D:1 |      58 |       0 |   0.0 |      31 |       0 |   0.0
        D:2 |     116 |      36 |  23.7 |      33 |      11 |  25.0
        D:3 |     234 |      78 |  25.0 |      18 |       2 |  10.0
        D:4 |     525 |     820 |  61.0 |      20 |       2 |   9.1
        D:5 |     917 |      10 |   1.1 |      24 |       2 |   7.7
        D:6 |     204 |       0 |   0.0 |       8 |       0 |   0.0
            +---------+---------+-------+---------+---------+-------
